 Dungeon Crawl Stone Soup version 0.26-a0-739-gf55cbd344a (webtiles) character file.

Game seed: 8857738182036209218

392 snetch the Chopper (level 6, -14/56 HPs)
             Began as a Hill Orc Monk on Nov 5, 2020.
             Was a Believer of Beogh.
             Demolished by an ogre
             ... wielding a +0 giant club
              (21 damage)
             ... on level 4 of the Dungeon.
             The game lasted 00:12:01 (3946 turns).

snetch the Chopper (Hill Orc Monk)                  Turns: 3946, Time: 00:12:05

Health: -14/56     AC: 11    Str: 16    XL:     6   Next: 80%
Magic:  3/6        EV: 11    Int: 10    God:    Beogh [**....]
Gold:   126        SH:  0    Dex: 13    Spells: 5/5 levels left

rFire    . . .     SeeInvis .   a - +0 hand axe
rCold    . . .     Faith    .   (no shield)
rNeg     . . .     Spirit   .   y - +0 scale mail
rPois    .         Reflect  .   f - +0 helmet
rElec    .         Harm     .   s - +0 cloak
rCorr    .         Rampage  .   q - +0 pair of gloves
MR       .....                  p - +0 pair of boots
Stlth    ..........             (no amulet)
HPRegen  0.18/turn              i - ring of flight
MPRegen  0.10/turn              n - ring of attention (curse)

@: no status effects
A: no striking features
a: Smiting, Renounce Religion, Evoke Flight


You were on level 4 of the Dungeon.
You worshipped Beogh.
Beogh was pleased with you.
You visited 1 branch of the dungeon, and saw 4 of its levels.

You collected 126 gold pieces.

Inventory:

Hand Weapons
 a - a +0 hand axe (weapon)
 o - a +0 dagger of venom
Missiles
 b - 90 stones
 d - 55 arrows
 h - 40 sling bullets
 j - 17 poisoned darts (quivered)
 r - 7 atropa-tipped darts
Armour
 f - a +0 helmet (worn)
 p - a +0 pair of boots (worn)
 q - a +0 pair of gloves (worn)
 s - a +0 cloak (worn)
 y - a +0 scale mail (worn)
Jewellery
 i - a ring of flight (left hand)
 m - an uncursed ring of positive energy
 n - a cursed ring of attention (right hand)
Wands
 v - a wand of enslavement (13)
Scrolls
 e - 3 scrolls of teleportation {unknown}
 g - 2 scrolls of random uselessness {unknown}
 k - a scroll of amnesia {unknown}
 l - a scroll of identify {unknown}
 t - a scroll of fog {unknown}
 x - a scroll of enchant armour {unknown}
Potions
 c - 2 potions of attraction {unknown}
 u - 2 potions of curing
 w - a potion of resistance {unknown}


   Skills:
 + Level 5.0 Fighting
 + Level 6.4 Axes
 + Level 1.6 Throwing
 + Level 3.1 Armour
 + Level 3.2 Dodging
 + Level 1.7 Stealth


You had 5 spell levels left.
You didn't know any spells.
Your spell library was empty.

Dungeon Overview and Level Annotations

Branches:
Dungeon (4/15)
 Temple: D:4-7

Altars:

Annotations:
D:3 Sigmund


Message History

Press: ? - help, Shift-Dir - straight line, f/p - ogre
Aim: an ogre, wielding a +0 giant club (lightly wounded, poisoned)
You throw a poisoned dart. The poisoned dart hits the ogre.
The ogre is lightly wounded.
The ogre hits you with a +0 giant club!
* * * LOW HITPOINT WARNING * * *
You hit the ogre.
The ogre is lightly wounded.
An iguana comes into view.
The iguana hisses angrily.
The ogre looks more healthy.
The iguana bites you.
* * * LOW HITPOINT WARNING * * *
Aiming: Smiting
Press: ? - help, Dir - move target cursor, f/p - ogre Smite: an ogre, wielding a +0 giant club (moderately wounded)
You smite the ogre!
The ogre is severely wounded.
The ogre hits you with a +0 giant club!!
You die...

#.. #.# #.# #.#####.#
### #.......## #.. #
## #. ##....# #.#.# ..
#####.##...#.# #.#.#.#
........(#.#.###.#...#
#.......<..@......#
#..........#O###..#
#.......#..#.###..#
#..........#.l.l..#
######..#..#..#.#.#
#.....#.#..#...#
#.###.#.#..###.# #.
..#....# .# # #####.##
..


You could see an ogre and an iguana.

Vanquished Creatures
  An ogre (D:3)
  A hound (D:3)
  A worker ant (D:3)
  Natasha (thrice) (D:3)
  Terence (D:3)
  Robin (D:2)
  4 adders
  An ooze (D:1)
  6 worms
  2 dart slugs
  7 orcs
  2 giant cockroaches
  17 goblins
  11 hobgoblins
  4 bats
  4 frilled lizards
  6 kobolds
  8 rats
80 creatures vanquished.

Vanquished Creatures (others)
  An orc priest (D:3)
  An orc (D:3)
2 creatures vanquished.

Grand Total: 82 creatures vanquished

Notes
Turn   | Place    | Note
-------+----------+-------------------------------------------
     0 | D:1      | snetch the Hill Orc Monk began the quest for the Orb.
     0 | D:1      | Reached XP level 1. HP: 19/19 MP: 1/1
   147 | D:1      | Reached XP level 2. HP: 27/27 MP: 2/2
   381 | D:2      | Reached XP level 3. HP: 33/33 MP: 3/3
  1013 | D:3      | Noticed Sigmund
  1302 | D:2      | Reached skill level 5 in Axes
  1302 | D:2      | Reached XP level 4. HP: 19/41 MP: 4/4
  1591 | D:2      | Noticed Robin
  1612 | D:2      | Killed Robin
  1612 | D:2      | Reached skill level 1 in Armour
  2083 | D:3      | Reached XP level 5. HP: 8/47 MP: 5/5
  2102 | D:3      | HP: 2/47 [poisoned by a worker ant]
  2110 | D:3      | HP: 1/47 [poisoned by a worker ant]
  3029 | D:3      | Noticed Natasha
  3297 | D:3      | Became a worshipper of Beogh the Brigand
  3297 | D:3      | Reached * piety under Beogh
  3297 | D:3      | Reached ** piety under Beogh
  3300 | D:3      | Killed Natasha
  3517 | D:3      | Noticed Natasha
  3529 | D:3      | Killed Natasha
  3529 | D:3      | Reached skill level 1 in Throwing
  3531 | D:3      | Noticed Natasha
  3533 | D:3      | Noticed Terence
  3559 | D:3      | Reached XP level 6. HP: 29/53 MP: 6/6
  3575 | D:3      | Killed Terence
  3575 | D:3      | Reached skill level 6 in Axes
  3584 | D:3      | Killed Natasha
  3584 | D:3      | Reached skill level 5 in Fighting
  3946 | D:4      | Demolished by an ogre

Illustrated notes

Levels and vault maps discovered:
D:1:      minmay_arrival_pointy, layout_basic, ebering_dispersal_statue_hall
D:2:      layout_basic, grunt_ministairs_3, kennysheep_minor_cross, uniq_robin
D:3:      layout_rooms, uniq_terence, uniq_natasha, uniq_sigmund
D:4:      layout_basic, minmay_temple_entry_offerings

Skill      XL: |  1  2  3  4  5  6 |
---------------+-------------------+-----
Fighting       | 4 5 |  5.0
Axes           | 5 6 |  6.4
Dodging        | 3 |  3.2
Armour         | 1 2 3 |  3.1
Throwing       | 1 |  1.6
Stealth        | |  1.7

Action                   |  1- 3 |  4- 6 || total
-------------------------+-------+-------++-------
Melee: Hand axe          |   108 |   204 ||   312
Throw: Dart              |     4 |    48 ||    52
Invok: Convert to Beogh  |       |     1 ||     1
       Smiting           |       |     1 ||     1
  Use: Potion            |     1 |       ||     1
Armor: Ring mail         |    33 |    78 ||   111
Dodge: Dodged            |    68 |   143 ||   211

Table legend: (Time is in decaauts)
 A = Elapsed time spent in this place.
 B = Non-inter-level travel time spent in this place.
 C = Inter-level travel time spent in this place.
 D = Time resting spent in this place.
 E = Time spent auto-exploring this place.
 F = Levels seen in this place.
 G = Mean time per level.
                   A        B        C        D        E       F      G
               +--------+--------+--------+--------+--------+-----+--------+
         Total |   3975 |   3886 |     89 |    931 |   1811 |   4 |  993.8 |
       Dungeon |   3975 |   3886 |     89 |    931 |   1811 |   4 |  993.8 |
               +--------+--------+--------+--------+--------+-----+--------+

Top non-repeatable levels by time:
     D:2: 1908 daAuts
     D:3: 1054 daAuts
     D:1: 980 daAuts
     D:4: 31 daAuts
